Map: Berlingrad LE

Players

Maru - Winner!

  • Race: Terran Terran
  • League: Master

DPGDark (Dark)

  • Race: Zerg Zerg
  • League: Master

Event: TSL 8

VOD

Have the link to the VOD?

Description

Time

  • Played on: Dec. 10, 2021, 11:02 a.m.
  • Length: 10:59

All games in this series

Show
View Real Time Build Order
Export as new Build Order

Maru Terran - Winner!

Build Orders:  

Get SALT Encoding   

  12  0:00  SCV  
  13  0:12  SCV  
  14  0:17  Supply Depot  
  14  0:24  SCV  
  15  0:38  SCV  
  15  0:40  Barracks  
  16  0:45  Refinery  
  16  0:50  SCV  
  17  1:02  SCV  
  18  1:15  SCV  
  19  1:27  Orbital Command  
  19  1:28  Barracks Reactor  
  19  1:38  Command Center  
  19  1:47  Supply Depot  
  19  1:52  SCV  
  20  1:59  Barracks  
  20  2:04  SCV, Marine x2  
  23  2:14  Barracks  
  23  2:16  SCV  
  23  2:22  Marine x2  
  25  2:28  SCV  
  27  2:39  Marine  
  27  2:40  Marine  
  27  2:43  SCV  
  30  2:46  Barracks Tech Lab  
  30  2:49  Orbital Command  
  30  2:50  Refinery  
  30  2:55  SCV  
  30  2:57  Marine  
  30  2:58  Marine  
  33  3:03  Barracks Tech Lab  
  33  3:06  Marine  
  33  3:07  Stimpack, SCV  
  35  3:18  Marine x2  
  35  3:19  SCV x2  
  39  3:24  Combat Shield  
  39  3:28  Supply Depot  
  39  3:31  SCV x2  
  39  3:33  Marine x2  
  43  3:35  Marine  
  43  3:36  Marine  
  43  3:40  Supply Depot  
  45  3:43  SCV  
  46  3:49  Factory  
  46  3:50  SCV  
  46  3:53  Supply Depot  
  46  3:55  Marine  
  48  3:56  Marine  
  48  3:58  Marine  
  48  3:59  SCV  
  48  4:02  SCV  
  52  4:06  Engineering Bay  
  52  4:08  Marine  
  53  4:11  SCV  
  53  4:14  SCV, Marine x2  
  57  4:20  Supply Depot  
  57  4:21  Marine  
  58  4:25  SCV  
  58  4:27  Refinery, Marine  
  60  4:31  Terran Infantry Weapons Level 1  
  60  4:32  SCV, Marine  
  60  4:36  Starport  
  60  4:37  SCV  
  63  4:39  Factory Reactor  
  63  4:45  SCV  
  64  4:49  SCV  
  64  4:50  Marine x2  
  64  4:51  Marine  
  68  4:53  Barracks Reactor  
  68  4:54  Supply Depot  
  68  4:57  SCV  
  69  5:01  SCV  
  70  5:09  SCV  
  70  5:13  SCV  
  72  5:18  Command Center  
  72  5:21  Supply Depot, SCV  
  73  5:23  Medivac x2  
  73  5:25  SCV  
  73  5:27  Siege Tank  
  81  5:32  Refinery  
  81  5:33  SCV  
  82  5:36  Marine x3  
  82  5:37  SCV  
  82  5:40  Supply Depot  
  82  5:42  Marine x2  
  88  5:50  Supply Depot  
  88  5:54  Marine  
  88  5:55  Medivac  
  91  6:00  Siege Tank  
  91  6:01  Medivac  
  96  6:08  Marine  
  96  6:10  Marine  
  96  6:11  Marine, Barracks  
  98  6:12  Barracks  
  98  6:15  Marine x2  
  98  6:17  SCV  
  102  6:26  Medivac  
  102  6:32  Siege Tank  
  102  6:36  Marine x4, Orbital Command  
  102  6:37  Marine  
  107  6:51  Medivac  
  107  6:53  Marine  
  107  6:54  Marine  
  110  6:56  SCV x2, Medivac  
  110  6:58  Barracks Reactor, Orbital Command  
  110  7:01  Barracks Reactor  
  115  7:04  Siege Tank  
  118  7:08  SCV x2  
  118  7:09  Marine x2  
  118  7:11  Supply Depot  
  122  7:18  Supply Depot  
  122  7:20  SCV  
  122  7:21  SCV  
  124  7:25  Marine  
  124  7:29  Marine x2  
  125  7:32  SCV  
  125  7:33  SCV x2  
  125  7:36  Siege Tank  
  126  7:42  Medivac x2, Terran Infantry Armor Level 1  
  118  7:44  SCV  
  118  7:46  SCV  
  118  7:47  SCV  
  121  7:52  Armory  
  121  7:54  Engineering Bay  
  121  7:55  Supply Depot  
  121  7:56  SCV, Marine x3  
  125  8:01  Factory  
  125  8:03  Marine x3  
  127  8:19  Marine x4  
  120  8:20  Marine x2  
  120  8:24  Medivac, Siege Tank  
  128  8:30  SCV x2  
  128  8:32  SCV  
  128  8:33  Refinery x2, Command Center  
  131  8:37  Marine x3  
  129  8:42  SCV  
  129  8:43  SCV  
  129  8:45  SCV  
  119  8:54  Marine x3  
  119  8:55  Marauder, SCV x2, Sensor Tower  
  126  8:56  Command Center  
  126  8:57  SCV  
  126  8:59  Factory Reactor  
  127  9:04  Siege Tank  
  127  9:07  SCV x2  
  127  9:09  SCV  
  133  9:14  Drilling Claws  
  133  9:19  SCV, Marine x2  
  133  9:20  Marauder, Marine x5  
  133  9:22  SCV  
  144  9:25  Supply Depot  
  144  9:26  Refinery  
  143  9:34  Marine  
  143  9:37  Marine x3  
  147  9:41  Marauder  
  147  9:45  Orbital Command  
  145  9:47  Marine x3  
  145  9:48  Marine  
  145  9:50  SCV x2  
  145  9:52  Marine  
  111  9:55  Marine x3  
  109  10:02  Marauder, SCV x2  
  109  10:05  Marine x2  
  103  10:14  SCV x2  
  103  10:15  SCV  
  103  10:16  Marine  
  104  10:24  Marauder  
  104  10:26  SCV x2  
  104  10:27  SCV  
  100  10:28  Marine x2  
  100  10:38  SCV x2  
  100  10:39  SCV  
Show
View Real Time Build Order
Export as new Build Order

DPGDark Zerg 

Build Orders: Hatch First, Zergling Baneling 

Get SALT Encoding   

  12  0:00  Drone  
  13  0:12  Overlord  
  13  0:16  Drone  
  14  0:30  Drone x2  
  16  0:48  Hatchery  
  15  0:51  Drone  
  15  0:56  Drone  
  17  0:58  Drone  
  18  1:10  Extractor  
  17  1:14  Spawning Pool  
  17  1:16  Drone  
  17  1:20  Drone  
  18  1:27  Drone  
  19  1:38  Drone  
  20  1:50  Drone  
  21  2:00  Queen  
  21  2:01  Queen  
  25  2:02  Drone  
  25  2:04  Drone  
  27  2:11  Overlord  
  27  2:13  Drone  
  28  2:30  Zergling x2  
  28  2:31  Drone  
  28  2:34  Drone x2, Hatchery  
  31  2:38  Queen  
  31  2:42  Metabolic Boost  
  33  2:52  Overlord  
  33  2:53  Drone  
  33  2:56  Drone x2  
  36  3:11  Drone x3  
  39  3:13  Drone x2  
  39  3:16  Queen  
  42  3:20  Drone  
  42  3:24  Overlord  
  43  3:32  Overlord  
  43  3:33  Drone  
  44  3:37  Baneling Nest  
  44  3:39  Drone  
  44  3:42  Extractor  
  44  3:43  Drone x3  
  44  3:48  Drone x5  
  51  3:52  Queen x2  
  55  3:58  Overlord  
  55  3:59  Drone x2  
  57  4:03  Zergling x2  
  57  4:08  Zergling x8  
  57  4:09  Zergling x2  
  63  4:14  Zergling x2  
  64  4:20  Lair  
  64  4:21  Drone  
  65  4:24  Zergling x4  
  65  4:26  Drone  
  65  4:27  Drone x2  
  65  4:28  Queen  
  65  4:30  Drone x2  
  74  4:36  Overlord  
  74  4:40  Evolution Chamber  
  74  4:41  Overlord  
  73  4:45  Baneling  
  73  4:46  Baneling x6  
  73  4:48  Baneling  
  73  4:51  Zergling x2  
  74  4:54  Queen  
  74  4:56  Zergling x12  
  74  4:58  Baneling x2  
  82  5:01  Zergling x8  
  82  5:06  Zergling x2  
  90  5:07  Zergling x6  
  90  5:10  Overlord  
  90  5:18  Extractor  
  90  5:19  Drone  
  90  5:20  Overlord, Extractor  
  89  5:22  Overlord  
  89  5:23  Drone, Overlord  
  89  5:24  Overlord  
  89  5:27  Centrifugal Hooks  
  90  5:29  Overlord  
  90  5:30  Drone  
  90  5:31  Drone  
  90  5:33  Drone x2  
  90  5:34  Drone  
  94  5:35  Drone  
  94  5:37  Drone  
  94  5:40  Drone x2  
  98  5:43  Drone  
  98  5:49  Extractor  
  98  5:51  Drone, Zerg Ground Armor Level 1  
  98  5:52  Evolution Chamber  
  98  5:58  Drone  
  98  5:59  Overlord  
  98  6:01  Drone x5  
  104  6:10  Hatchery  
  103  6:15  Hatchery  
  99  6:25  Zergling x2  
  99  6:26  Zergling x16  
  99  6:32  Zergling x10  
  111  6:39  Zerg Melee Weapons Level 1  
  111  6:42  Drone  
  111  6:43  Zergling x6  
  111  6:44  Zergling x4  
  111  6:46  Baneling x3  
  116  6:50  Zergling x6  
  116  6:52  Hatchery  
  118  6:55  Zergling x4  
  120  7:02  Zergling x8  
  120  7:03  Baneling  
  120  7:04  Baneling x6  
  120  7:07  Hatchery  
  123  7:08  Baneling x6  
  123  7:10  Zergling x4  
  123  7:16  Overlord  
  123  7:20  Zergling x10  
  110  7:39  Zergling x22  
  110  7:40  Baneling  
  110  7:41  Baneling x2  
  110  7:43  Zergling x2  
  115  7:46  Zerg Ground Armor Level 2  
  115  7:47  Zergling x2  
  115  7:48  Zergling x6  
  118  7:52  Zergling x6  
  121  7:59  Drone  
  121  8:01  Overlord  
  121  8:03  Zergling x4, Burrow  
  124  8:07  Zergling x2  
  119  8:14  Zergling x2  
  119  8:15  Zergling x10  
  119  8:19  Zergling x2  
  121  8:20  Zergling x4  
  121  8:22  Baneling x5  
  121  8:26  Zergling x8  
  118  8:28  Queen x2  
  118  8:30  Zergling x10  
  121  8:34  Zergling x2  
  121  8:35  Zergling x8  
  121  8:36  Zerg Melee Weapons Level 2  
  115  8:46  Zergling x2  
  104  8:49  Zergling x14  
  104  8:50  Drone  
  104  8:52  Zergling x2  
  104  8:53  Baneling x7  
  104  8:55  Drone x2  
  115  8:56  Drone x2  
  115  8:57  Drone  
  115  8:58  Drone  
  119  9:05  Drone x2  
  119  9:06  Queen  
  119  9:09  Drone  
  122  9:11  Drone x5  
  122  9:13  Baneling x2  
  122  9:15  Zergling x6  
  129  9:19  Zergling x8  
  129  9:23  Drone  
  134  9:29  Hatchery  
  132  9:31  Infestation Pit  
  132  9:35  Zergling x8  
  131  9:38  Zergling x4  
  131  9:39  Zergling x2  
  115  9:49  Zergling x18  
  115  9:51  Zergling x2  
  112  9:54  Baneling x5  
  112  9:58  Zergling x4  
  107  10:03  Baneling x3, Zergling x4  
  95  10:15  Zergling x10  
  95  10:17  Zergling x2  
  95  10:19  Zergling x2  
  91  10:23  Zergling x2  
  91  10:26  Zergling x8  
  91  10:29  Zergling x2  
  91  10:31  Zergling x2  
Tags
 
Add a new tag
Caveats
  • Supply blocks, unpowered buildings, or Contaminate may cause inaccurate times.
  • Supply counts are checked every 10 seconds.